 Dungeon Crawl Stone Soup version 0.29.0-7-g18a832c13a (webtiles) character file.

Game seed: 251691095418658277

2212 ProzacElf the Carver (level 9, 0/60 HPs)
             Began as a Djinni Chaos Knight on Aug 30, 2022.
             Was a Plaything of Xom.
             Slain by an orc
             ... wielding a +0 hand axe
              (3 damage)
             ... on level 6 of the Dungeon.
             The game lasted 00:16:46 (6669 turns).

ProzacElf the Carver (Djinni Chaos Knight)          Turns: 6669, Time: 00:16:47

Health: 0/60       AC:  3    Str: 14    XL:     9   Next: 61%
Gold:   1050       EV: 22    Int: 20    God:    Xom [.*....] SH:  4 Dex: 18

rFire   + + .      SeeInvis .   b - +7 whip of Evil {vorpal, *Corrode Str+3 Int+4}
rCold   x x .      Faith    +   (no shield)
rNeg    . . .      Spirit   .   l - +2 leather armour
rPois   ∞          Reflect  .   (no helmet)
rElec   +          Harm     .   (no cloak)
rCorr   .          Rampage  +   r - +1 pair of gloves
Will    .....                   (boots unavailable)
Stlth   +.........              n - amulet of the Moon {Faith Rampage rC- Int+3}
HPRegen 0.20/turn               y - +4 ring of evasion
MPRegen 0.00/turn               w - +4 ring of evasion {=R}

@: corroded, flying, unable to read
A: sickness immunity, fire resistance 2, cold vulnerability 1, float, innate
caster, HP casting, extra vitality 1, fangs 1, large bone plates 1, electricity
resistance, inability to read after injury 1
a: Renounce Religion


You were on level 6 of the Dungeon.
You worshipped Xom.
You were a plaything of Xom.
You visited 2 branches of the dungeon, and saw 7 of its levels.

You collected 1050 gold pieces.

Inventory:

Hand Weapons
 a - a +0 falchion of chaos
 b - the +7 whip of Evil (weapon) {vorpal, *Corrode Str+3 Int+4}
   (You found it on level 4 of the Dungeon)

   It inflicts extra damage upon your enemies.
   Str:       It affects your strength (+3).
   Int:       It affects your intelligence (+4).
   *Corrode:  It may corrode you when you take damage.
 A - a +1 vampiric spear
 E - a +3 dagger
Missiles
 m - 5 javelins (quivered)
 s - 2 atropa-tipped darts
Armour
 l - a +2 leather armour (worn)
 r - a +1 pair of gloves (worn)
 z - a +0 buckler
Jewellery
 i - a ring of protection from fire
 n - the amulet of the Moon (around neck) {Faith Rampage rC- Int+3}
   (Xom gifted it to you on level 1 of the Dungeon)

   [amulet of faith]

   It allows you to gain divine favour quickly.
   Int:       It affects your intelligence (+3).
   rC:        It makes you vulnerable to cold.
   Rampage:   It bestows one free step when moving towards enemies.
 w - a +4 ring of evasion (right hand) {=R}
 y - a +4 ring of evasion (left hand)
Wands
 o - a wand of flame (7)
 u - a wand of paralysis (4)
Scrolls
 e - a scroll of silence
 g - 2 scrolls of teleportation
 p - 2 scrolls of enchant weapon {unknown}
 q - 2 scrolls of immolation
 F - a scroll of brand weapon {unknown}
 G - 2 scrolls of blinking
 H - 2 scrolls of identify
 J - 3 scrolls of magic mapping {unknown}
Potions
 d - a potion of mutation
 f - a potion of degeneration
 h - 2 potions of haste
 j - 5 potions of curing
 k - 2 potions of brilliance
 t - 3 potions of might {unknown}
 v - 2 potions of magic {unknown}
 x - 3 potions of attraction
 C - 3 potions of ambrosia {!e}
 D - a potion of cancellation
 I - a potion of lignification {unknown}
Miscellaneous
 c - a piece from Xom's chessboard (15/15)


   Skills:
 - Level 3.0 Fighting
 + Level 10.8 Long Blades
 - Level 1.0 Armour
 - Level 5.0 Dodging


You couldn't memorise any spells.
You knew the following spells:

 Your Spells              Type           Power      Damage    Failure   Level
a - Summon Small Mammal   Summ           0%         N/A       24%         1
b - Ensorcelled Hibernat  Hex/Ice        0%         N/A       34%         2
c - Ozocubu's Armour      Ice            0%         N/A       56%         3
d - Dispel Undead         Necr           0%         3d6       93%         4
Your spell library was empty.

Dungeon Overview and Level Annotations

Branches:
Dungeon (6/15)             Temple (1/1) D:4

Altars:
Dithmenos
Gozag
Makhleb
Nemelex Xobeh
Ru
Trog
Wu Jian
Xom
The Shining One


Innate Abilities, Weirdness & Mutations

You are immune to sickness and miasma.
You are immune to poison.
Your flesh is very heat resistant. (rF++)
You are vulnerable to cold. (rC-)
You float through the air rather than walking.
You learn spells naturally, not from books.
Your magical power is your life essence.
You have superior vitality. (+4 MHP)
You have very sharp teeth.
You are partially covered in large bone plates. (SH +4)
You are resistant to electric shocks. (rElec)
You occasionally lose the ability to read scrolls when taking damage.


Message History

Tha orc warrior hits ye wit' a +0 flail!
* * * LOW HITPOINT WARNIN'
* * * Ye block tha orc's attack.
Ye take 8 damage, an' haf 14/60 hp.
It was a potion o' curin'.
Ye feel better.
Xom roars wit' laughter!
Tha orc warrior hits ye wit' a +0 flail!
* * * LOW HITPOINT WARNIN'
* * * Yer corrosive artefact corrodes ye!
Tha orc hits ye but does nay damage.
Ye take 6 damage, an' haf 8/60 hp.
Ye cannae read scrolls in yer current state!
Okay, than.
Aimin': Paralyse
Press: ? - help, Shift-Dir - straight line, f/p - orc warrior
Aim: an orc warrior, wieldin' a +0 flail an' wearin' a +0 plate armour (almost dead, chance ta affect: 49%) Tha orc warrior resists wit' some effort.
Tha orc warrior completely misses ye.
Tha orc misses ye.
Aimin': Paralyse
Press: ? - help, Shift-Dir - straight line, f/p - orc warrior
Aim: an orc warrior, wieldin' a +0 flail an' wearin' a +0 plate armour (almost dead, chance ta affect: 49%) Tha orc warrior sudd'nly stops movin'!
Tha orc misses ye.
Tha helpless orc warrior fails ta defend itself.
Ye hit tha orc warrior but do nay damage.
Ye bite tha orc warrior, but do nay damage.
Tha orc warrior be almost dead.
Tha orc barely misses ye.
Tha helpless orc warrior fails ta defend itself.
Ye hit tha orc warrior but do nay damage.
Tha orc warrior be almost dead.
Tha orc hits ye wit' a +0 hand axe.
* * * LOW HITPOINT WARNIN'
* * * Ye take 5 damage, an' haf 3/60 hp.
Ye hit tha orc.
Tha orc be heavily wounded.
Tha orc completely misses ye.
Ye hit tha orc.
Tha orc be almost dead.
Tha orc hits ye wit' a +0 hand axe.
Ye die... "I guess I need a new playthin' now."

###### #######
#....#######.....############
#....#.....#.....#...........
#....'.....+.....#....)......
#....#######.....#....# #####
#................#....# #....
#................#....# #....
#................#o...# #....
#...............@#....# #....
#...............oo....# #....
#................###### #....
#....#######.....# #....
.....#.....#.....# #....
.....+.....#.....# #....
.....#.....'.....#### ####....
.....#.....#.....#..######..#....
#....#######.....#.......#..#....


You could see an orc warrior (paralysed) and an orc.

Vanquished Creatures
  4 humans (D:6)
  3 water moccasins
  A black bear (D:6)
  An ogre (D:5)
  2 centaurs (D:6)
  A phantom (D:5)
  A necrophage (D:6)
  A scorpion (D:6)
  2 jellies
  2 orc priests
  5 hounds
  3 iguanas
  2 orc wizards
  Terence (D:2)
  7 adders
  2 river rats (D:4)
  A shadow imp (D:5)
  A worm (D:2)
  A dart slug (D:1)
  23 orcs
  9 endoplasms
  2 giant cockroaches
  6 goblins
  6 hobgoblins
  4 kobolds
  4 quokkas
  9 ball pythons
  8 bats
  6 frilled lizards
  11 rats
129 creatures vanquished.

Vanquished Creatures (collateral kills)
  A human (D:6)
1 creature vanquished.

Vanquished Creatures (others)
  A centaur (D:4)
  An orc (D:4)
  A ball python (D:4)
3 creatures vanquished.

Grand Total: 133 creatures vanquished

Notes
Turn   | Place    | Note
-------+----------+-------------------------------------------
     0 | D:1      | ProzacElf the Djinni Chaos Knight began the quest for the
                  | Orb.
     0 | D:1      | Reached XP level 1. HP: 20/20 MP: 0/0
   167 | D:1      | XOM: silly message
   326 | D:1      | Reached XP level 2. HP: 24/25 MP: 0/0
   335 | D:1      | Reached skill level 3 in Long Blades
   721 | D:1      | Found a faded altar of an unknown god.
   727 | D:1      | Reached XP level 3. HP: 25/30 MP: 0/0
   727 | D:1      | Learned a level 1 spell: Summon Small Mammal
  1209 | D:2      | Noticed Terence
  1225 | D:2      | XOM: noise
  1250 | D:2      | XOM: silly message
  1401 | D:2      | Killed Terence
  1402 | D:2      | Reached XP level 4. HP: 20/35 MP: 0/0
  1445 | D:1      | Identified the amulet of the Moon {Faith Rampage rC- Int+3}
                  | (Xom gifted it to you on level 1 of the Dungeon)
  1445 | D:1      | XOM: god gift: amulet of the Moon {Faith Rampage rC- Int+3}
  1655 | D:2      | XOM: give mutation
  1655 | D:2      | Gained mutation: You are partially covered in large bone
                  | plates. (SH +4) [Xom's grace]
  1688 | D:2      | XOM: god gift: 710 gold pieces
  2070 | D:2      | Reached XP level 5. HP: 24/40 MP: 0/0
  2070 | D:2      | Learned a level 2 spell: Ensorcelled Hibernation
  2085 | D:2      | XOM: give mutations
  2085 | D:2      | Gained mutation: Your mind is acute. (Int +4, Str/Dex -1)
                  | [Xom's grace]
  2085 | D:2      | Gained mutation: You are somewhat resistant to further
                  | mutation. [Xom's grace]
  2085 | D:2      | Gained mutation: You have very sharp teeth. [Xom's grace]
  2085 | D:2      | Gained mutation: You are resistant to electric shocks.
                  | (rElec) [Xom's grace]
  2138 | D:2      | XOM: god gift: 2 atropa-tipped darts
  2215 | D:3      | XOM: divination: magic mapping
  2232 | D:3      | Reached skill level 4 in Long Blades
  2297 | D:3      | XOM: cloud trail
  2360 | D:3      | XOM: silly message
  2575 | D:3      | XOM: 10-stop teleportation journey
  2765 | D:3      | XOM: 4-stop teleportation journey
  2845 | D:3      | XOM: summons 3 hostile demons
  3342 | D:4      | Reached XP level 6. HP: 43/46 MP: 0/0
  3379 | D:4      | XOM: silly message
  3386 | D:4      | XOM: destruction
  3387 | D:4      | Reached skill level 5 in Dodging
  3474 | D:4      | XOM: silly message
  3597 | D:4      | Identified the +7 whip of Evil {vorpal, *Corrode Str+3
                  | Int+4}
  3620 | D:4      | XOM: 10-stop teleportation journey
  3645 | D:4      | XOM: divine lightning
  3649 | D:4      | Reached skill level 5 in Long Blades
  3653 | D:4      | XOM: fog
  3690 | D:4      | XOM: scenery: 1 doors open
  3695 | D:4      | Reached XP level 7. HP: 28/50 MP: 0/0
  3695 | D:4      | Learned a level 3 spell: Ozocubu's Armour
  3859 | D:4      | Found a staircase to the Ecumenical Temple.
  3868 | Temple   | Entered the Ecumenical Temple
  4088 | D:4      | XOM: god gift: scroll labelled CODEUW BIBLO {god gift}
  4252 | D:5      | Entered Level 5 of the Dungeon
  4307 | D:5      | XOM: confuse monster(s)
  4310 | D:5      | XOM: potion effect (invisibility)
  4314 | D:5      | Noticed a water moccasin
  4320 | D:5      | XOM: divination: detect items
  4321 | D:5      | Reached skill level 6 in Long Blades
  4334 | D:5      | Killed a water moccasin
  4536 | D:5      | Noticed a water moccasin
  4546 | D:5      | Killed a water moccasin
  4547 | D:5      | Reached skill level 7 in Long Blades
  4547 | D:5      | Reached XP level 8. HP: 48/56 MP: 0/0
  4617 | D:5      | XOM: 2-stop teleportation journey
  4826 | D:5      | XOM: cloud trail
  5062 | D:6      | XOM: divination: detect creatures
  5075 | D:6      | Reached skill level 8 in Long Blades
  5086 | D:6      | XOM: silly message
  5092 | D:6      | XOM: noise
  5219 | D:6      | XOM: 5-stop teleportation journey
  5249 | D:6      | XOM: cast spell 'Death Channel'
  5260 | D:6      | Reached skill level 9 in Long Blades
  5510 | D:6      | XOM: cast spell 'Necromutation'
  5514 | D:6      | Reached XP level 9. HP: 53/60 MP: 0/0
  5514 | D:6      | Learned a level 4 spell: Dispel Undead
  5651 | D:6      | XOM: silly message
  5756 | D:6      | XOM: confuse monster(s)
  5762 | D:6      | XOM: summons 5 friendly demons
  5772 | D:6      | Reached skill level 10 in Long Blades
  5772 | D:6      | XOM: cast spell 'Leda's Liquefaction'
  6059 | D:6      | XOM: give mutations
  6059 | D:6      | Lost mutation: You are somewhat resistant to further
                  | mutation. [Xom's mischief]
  6059 | D:6      | Gained mutation: You occasionally lose the ability to read
                  | scrolls when taking damage. [Xom's mischief]
  6059 | D:6      | Lost mutation: Your mind is acute. (Int +4, Str/Dex -1)
                  | [Xom's mischief]
  6064 | D:6      | XOM: swap monsters
  6101 | D:6      | XOM: 1-stop teleportation journey
  6115 | D:6      | XOM: 2-stop teleportation journey
  6233 | D:6      | XOM: scenery: 2 doors close
  6293 | D:6      | XOM: noise
  6667 | D:6      | HP: 3/60 [orc/+0 hand axe (6)]
  6669 | D:6      | Slain by an orc

Illustrated notes

Levels and vault maps discovered:
D:1:      dpeg_arrival_rooms_a, layout_loops_ring,
          ebering_ecumenical_altar_sacrificial, minmay_misc_feat_five
D:2:      layout_rooms, uniq_terence
D:3:      layout_basic, minmay_quadrilaterals
D:4:      layout_basic, minmay_temple_entry_sparse_star, portal_sewer_entry_e
D:5:      layout_basic, st_stairs_3, dk_vineyard_3
D:6:      layout_gridville, minmay_ruffians
Temple:   cyrus_temple_forest

Skill      XL: |  1  2  3  4  5  6  7  8  9 |
---------------+----------------------------+-----
Long Blades    | 3 4 5 7 9 10 | 10.8
Dodging        | 3 4 5 |  5.0
Fighting       | |  3.0
Armour         | |  1.0

Action                   |  1- 3 |  4- 6 |  7- 9 || total
-------------------------+-------+-------+-------++-------
Melee: Falchion          |   101 |   165 |       ||   266
       Punch             |       |     2 |     2 ||     4
       Dagger            |       |    27 |       ||    27
       Bite              |       |    11 |    31 ||    42
       Whip              |       |    12 |   220 ||   232
Throw: Javelin           |       |       |     1 ||     1
Evoke: Wand              |       |       |     3 ||     3
  Use: Scroll            |       |    15 |     3 ||    18
       Potion            |       |     1 |     2 ||     3
 Stab: Sleeping          |     2 |     3 |     2 ||     7
       Paralysed         |     3 |     2 |     2 ||     7
       Petrified         |       |     5 |       ||     5
       Invisible         |       |       |     2 ||     2
       Confused          |       |       |     1 ||     1
Armor: Leather armour    |    37 |    61 |    29 ||   127
Dodge: Dodged            |    76 |   195 |   214 ||   485
Block: Other             |       |    29 |    39 ||    68
